 Dungeon Crawl Stone Soup version 0.29.1-13-g9f3cf754e1 (webtiles) character file.

Game seed: 3132473713283022577

30 javelincjr the Digger (level 3, -4/20 HPs)
             Began as a Gargoyle Earth Elementalist on Jan 23, 2023.
             Slain by a goblin
             ... wielding a +0 club
             ... led by Robin
              (6 damage)
             ... on level 2 of the Dungeon.
             The game lasted 00:04:03 (1299 turns).

javelincjr the Digger (Gargoyle Earth Elementalist) Turns: 1299, Time: 00:04:04

Health: -4/20      AC:  5    Str: 11    XL:     3   Next: 20%
Magic:  2/6        EV: 12    Int: 17    God:
Gold:   63         SH:  5    Dex: 10    Spells: 4/6 levels left

rFire   . . .      SeeInvis .   g - +0 rapier
rCold   . . .      Faith    .   (no shield)
rNeg    + . .      Spirit   .   a - +0 robe
rPois   ∞          Reflect  +   (no helmet)
rElec   +          Harm     .   (no cloak)
rCorr   .          Rampage  .   (no gloves)
Will    .....                   (no boots)
Stlth   ++........              l - amulet of reflection
HPRegen 0.06/turn               (no ring)
MPRegen 0.10/turn               (no ring)

@: very slightly contaminated
A: sickness immunity, AC +3, negative energy resistance 1, electricity
resistance, torment resistance 1, petrification resistance
a: no special abilities


You were on level 2 of the Dungeon.
You visited 1 branch of the dungeon, and saw 2 of its levels.

You collected 63 gold pieces.

Inventory:

Hand Weapons
 d - a +0 dagger
 g - a +0 rapier (weapon)
Armour
 a - a +0 robe (worn)
Jewellery
 l - an amulet of reflection (around neck)
Scrolls
 e - a scroll of enchant weapon {unknown}
 h - a scroll of enchant armour {unknown}
 i - a scroll of identify {unknown}
 j - a scroll of vulnerability {unknown}
 k - a scroll of immolation {unknown}
Potions
 c - a potion of curing {unknown}
 f - 2 potions of resistance {unknown}


   Skills:
 + Level 0.4 Fighting
 + Level 1.8 Dodging
 + Level 2.8 Stealth
 + Level 2.1 Spellcasting
 + Level 0.7 Transmutations
 + Level 0.1 Air Magic
 + Level 4.2 Earth Magic


You had 4 spell levels left.
You knew the following spells:

 Your Spells              Type           Power      Damage    Failure   Level
a - Sandblast             Erth           32%        2d9       3%          1
b - Shock                 Conj/Air       4%         1d3       19%         1

Your spell library contained the following spells:

 Spells                   Type           Power      Damage    Failure   Level
 Passwall                 Tmut/Erth      8%         N/A       11%         2
 Stone Arrow              Conj/Erth      18%        3d8       24%         3
 Ignite Poison            Fire/Tmut/Pois 2%         N/A       45%         3
 Conjure Flame            Conj/Fire      1%         6-21      50%         3
 Swiftness                Air            2%         N/A       50%         3
 Petrify                  Tmut/Erth      10%        N/A       56%         4
 Airstrike                Air            1%         2d(1-17)  88%         4
 Sticky Flame             Conj/Fire      1%         2d3       88%         4


Dungeon Overview and Level Annotations

Branches:
Dungeon (2/15)

Altars:

Annotations:
D:2 Robin


Innate Abilities, Weirdness & Mutations

You are immune to sickness and miasma.
Your stone body is resilient. (AC +3)
You are immune to poison.
You resist negative energy. (rN+)
You are resistant to electric shocks. (rElec)
You are resistant to unholy torment.
You are immune to petrification.


Message History

Aiming: Shock (safe; 19% risk of failure)
Press: ? - help, Shift-Dir - straight line, f/p - Robin
Aim: Robin, wielding a +0 short sword, wearing a +0 animal skin and wearing a +0 helmet (severely wounded, 74% to hit)
The zap hits the hobgoblin.
The hobgoblin is moderately wounded.
The zap hits the goblin.
The goblin is almost dead.
The zap hits the hobgoblin.
The hobgoblin is heavily wounded.
The zap hits Robin.
Robin is severely wounded.
The goblin barely misses you. You block the hobgoblin's attack.
Casting: Shock (safe; 19% risk of failure)
Confirm with . or Enter, or press ? or * to list all spells.
Aiming: Shock (safe; 19% risk of failure)
Press: ? - help, Shift-Dir - straight line, f/p - Robin
Aim: Robin, wielding a +0 short sword, wearing a +0 animal skin and wearing a +0 helmet (severely wounded, 74% to hit)
You miscast Shock.
You are very lightly contaminated with residual magic.
Nothing appears to happen.
The goblin hits you with a +0 club.
* * * LOW HITPOINT WARNING * * *
The hobgoblin barely misses you.
A goblin comes into view. It is wielding a +0 dagger.
Casting: Shock (safe; 19% risk of failure)
Confirm with . or Enter, or press ? or * to list all spells.
Aiming: Shock (safe; 19% risk of failure)
Press: ? - help, Shift-Dir - straight line, f/p - Robin
Aim: Robin, wielding a +0 short sword, wearing a +0 animal skin and wearing a +0 helmet (severely wounded, 74% to hit)
The zap hits the hobgoblin.
The hobgoblin is heavily wounded.
The zap hits the goblin.
You kill the goblin!
The zap hits the hobgoblin.
The hobgoblin is almost dead.
The zap hits Robin.
Robin is almost dead.
The zap misses the goblin.
The goblin shouts!
The goblin hits you with a +0 club.
You die...

##......g##
##.## ##.....##
##ggg## ##'##
#g# #.#
##g#######
##..g.g)gg#
#...[.###@#
##...####.#
#..#......
..####..#.###.##
#.........# #.#
######..#####.#
#........#
##.####### #.#


You could see Robin, 2 hobgoblins and 2 goblins.

Vanquished Creatures
  An adder (D:2)
  A dart slug (D:1)
  A ball python (D:1)
  2 giant cockroaches
  6 goblins
  4 hobgoblins
  2 bats
  2 frilled lizards
19 creatures vanquished.

Vanquished Creatures (others)
  3 plants (D:1)
3 creatures vanquished.

Grand Total: 22 creatures vanquished

Notes
Turn   | Place    | Note
-------+----------+-------------------------------------------
     0 | D:1      | javelincjr the Gargoyle Earth Elementalist began the quest
                  | for the Orb.
     0 | D:1      | Reached XP level 1. HP: 10/10 MP: 3/3
   406 | D:1      | Reached XP level 2. HP: 15/15 MP: 1/5
   628 | D:1      | Reached skill level 4 in Earth Magic
  1238 | D:2      | Learned a level 1 spell: Shock
  1259 | D:2      | Reached XP level 3. HP: 20/20 MP: 6/6
  1266 | D:2      | Noticed Robin
  1299 | D:2      | Slain by a goblin

Illustrated notes

Levels and vault maps discovered:
D:1:      tarquinn_simple_flora_water_f, layout_loops_ring
D:2:      layout_loops_corners, uniq_robin

Skill      XL: |  1  2 |
---------------+-------+-----
Earth Magic    | 4 |  4.2
Fighting       | |  0.4
Dodging        | |  1.8
Stealth        | |  2.8
Spellcasting   | |  2.1
Transmutations | |  0.7
Air Magic      | |  0.1

Action                   || total
-------------------------++-------
Melee: Unarmed           ||     4
       Rapier            ||    31
 Cast: Sandblast         ||    12
       Shock             ||    10
  Use: Potion            ||     1
 Stab: Sleeping          ||     3
Armor: Robe              ||    14
Dodge: Dodged            ||    26
Block: Other             ||     7
